 Dungeon Crawl Stone Soup version 0.31.0-9-g3a7656b989 (webtiles) character file.

Game seed: 5110198211521031544

93 qw the Shooter (level 4, -3/25 HPs)
             Began as a Deep Elf Hunter on Feb 2, 2024.
             Slain by an orc priest
             ... wielding a +0 flail
              (5 damage)
             ... on level 3 of the Dungeon.
             The game lasted 00:00:08 (2019 turns).

qw the Shooter (Deep Elf Hunter)                    Turns: 2019, Time: 00:00:09

Health: -3/25      AC:  6    Str:  8 (10) XL:     4   Next: 37%
Magic:  6/6        EV: 10    Int: 11 (14) God:
Gold:   61         SH:  0    Dex: 16 (18) Spells: 3/3 levels left

rFire   . . .        a - +1 shortbow
rCold   . . .        (shield currently unavailable)
rNeg    . . .        h - +0 ring mail
rPois   .            (no helmet)
rElec   .            e - +0 cloak
rCorr   .            (no gloves)
SInv    .            (no boots)
Will    .....        (no amulet)
Stlth   +            (no ring)
HPRegen 0.24/turn    (no ring)
MPRegen 0.10/turn

%: no passive effects
@: no status effects
A: no striking features
a: no special abilities


You were on level 3 of the Dungeon.
You visited 1 branch of the dungeon, and saw 3 of its levels.

You collected 83 gold pieces.
You spent 22 gold pieces at shops.


   Skills:
 - Level 1.5 Fighting
 + Level 7.8 Ranged Weapons
 - Level 2.4 Dodging
 - Level 1.2 Stealth


You had 3 spell levels left.
You didn't know any spells.
Your spell library was empty.

Inventory:

Hand Weapons
 a - a +1 shortbow (weapon)
Armour
 e - a +0 cloak (worn)
 h - a +0 ring mail (worn)
Jewellery
 b - a ring of ice
Potions
 c - a potion of magic {unknown}
 d - a potion of lignification {unknown}
 g - 2 potions of resistance
 i - a potion of cancellation {unknown}
 m - a potion of heal wounds {unknown}

Dungeon Overview and Level Annotations

Branches:
Dungeon (3/15)

Altars:

Shops:
D:2 *


Message History

The ribbon worm is heavily wounded.
An orc priest comes into view. It is wielding a +0 flail.
The ribbon worm bites you but does no damage.
You shoot an arrow. The arrow hits the ribbon worm.
The ribbon worm is severely wounded.
The ribbon worm bites you.
You shoot an arrow. The arrow hits the ribbon worm.
The ribbon worm is severely wounded.
The ribbon worm expels a string of sticky webbing.
The stream of webbing hits you but does no damage.
You are caught in a web!
The orc priest hits you with a +0 flail.
You struggle to detach yourself from the web.
The orc priest hits you with a +0 flail.
The ribbon worm bites you.
The web tears apart.
The orc priest hits you with a +0 flail.
The ribbon worm bites you.
You shoot an arrow. The arrow hits the ribbon worm!
You kill the ribbon worm!
The orc priest barely misses you.
You shoot an arrow.
The arrow hits the orc priest but does no damage.
The orc priest hits you with a +0 flail.
You shoot an arrow. The arrow barely misses the orc priest.
The orc priest closely misses you.
The orc priest hits you but does no damage.
You shoot an arrow.
The arrow closely misses the orc priest.
The orc priest misses you.
You shoot an arrow.
The arrow hits the orc priest but does no damage.
The orc priest closely misses you.
You shoot an arrow.
The arrow closely misses the orc priest.
The orc priest hits you with a +0 flail!
You shoot an arrow.
The arrow hits the orc priest but does no damage.
The orc priest hits you with a +0 flail.
You die...

#.##..)).#....)...
#...####.##..##..#
#...###...#####..#
#.).##....# ##..
#...#...### ##.
#.##..#.# .. #.
#....##.# ....###
####'##.##....#
....)..
.....%)@#..####
...<###
...$..o...## .. #
....####### # >..
.. .


You could see an orc priest.

Vanquished Creatures
  3 adders
  A dart slug (D:2)
  3 ribbon worms
  5 orcs
  2 ball pythons
  7 endoplasms
  A giant cockroach (D:1)
  6 goblins
  3 hobgoblins (D:1)
  2 jackals (D:3)
  3 bats
  2 frilled lizards
  6 kobolds
  7 rats
51 creatures vanquished.

Notes
Turn   | Place    | Note
-------+----------+-------------------------------------------
     0 | D:1      | qw the Deep Elf Hunter began the quest for the Orb.
     0 | D:1      | Reached XP level 1. HP: 12/12 MP: 3/3
     0 | D:1      | 0 ||| qw: Version: 0.3-a-155-g5e7d8dd
     0 | D:1      | 0 ||| qw: Game counter: 1287
     0 | D:1      | 0 ||| qw: Melee chars always use a shield: true
     0 | D:1      | 0 ||| qw: God list: Okawaru
     0 | D:1      | 0 ||| qw: Allow faded altars: false
     0 | D:1      | 0 ||| qw: Do Orc after clearing Dungeon:15 true
     0 | D:1      | 0 ||| qw: Do second Lair branch before Depths: true
     0 | D:1      | 0 ||| qw: Lair rune preference: random
     0 | D:1      | 0 ||| qw: Goals: Normal
     0 | D:1      | 0 ||| PLANNING D:1-11
   200 | D:1      | Reached XP level 2. HP: 16/16 MP: 4/4
   229 | D:1      | Reached skill level 6 in Ranged Weapons
   756 | D:1      | 756 ||| UPGRADING to +0 cloak.
   761 | D:1      | 761 ||| UPGRADING to +0 ring mail.
   771 | D:1      | 771 ||| DROPPING +0 leather armour.
   772 | D:1      | 772 ||| READING scroll labelled IGEOVE LOSE.
   773 | D:1      | 773 ||| READING scroll labelled KUCU XOXTATOSH.
   773 | D:1      | 773 ||| IDENTIFYING smoky emerald potion
   774 | D:1      | 774 ||| DROPPING scroll of butterflies.
   902 | D:2      | Found Qenuogaa's Assorted Antiques.
   911 | D:2      | 911 ||| BUYING fizzy coppery potion (22 gold).
   911 | D:2      | Bought a fizzy coppery potion for 22 gold pieces
   911 | D:2      | 911 ||| SHOPLISTING pink potion (22 gold, have 1).
   911 | D:2      | 911 ||| SHOPLISTING scroll labelled BUTUCV UHERGH (25 gold,
                  | have 1).
   911 | D:2      | 911 ||| SHOPLISTING scroll labelled INOLYR FAOGRIUR (25
                  | gold, have 1).
   994 | D:2      | Reached XP level 3. HP: 14/20 MP: 5/5
  1482 | D:2      | Reached skill level 7 in Ranged Weapons
  1696 | D:2      | 1696 ||| READING scroll labelled NYXEHE GEHAXIGG.
  1696 | D:2      | 1696 ||| ENCHANTING +0 shortbow.
  1697 | D:2      | 1697 ||| READING scroll labelled ALESUNWYSCHIEPP.
  1698 | D:2      | 1698 ||| READING scroll labelled TELIUD BEU.
  1799 | D:2      | 1799 ||| READING scroll labelled VUOBLIUXON.
  1800 | D:2      | 1800 ||| DRINKING 2 fizzy coppery potions.
  1801 | D:2      | 1801 ||| DROPPING potion of degeneration.
  1940 | D:3      | Reached XP level 4. HP: 25/25 MP: 6/6
  2018 | D:3      | HP: 2/25 [orc priest/+0 flail (7)]
  2019 | D:3      | Slain by an orc priest

Levels and vault maps discovered:
D:1:      dpeg_arrival_morbid_curiosity, layout_basic, bh_walls_and_bars
D:2:      layout_basic, serial_shops, shop, serial_forest,
          infiniplex_forest_straight_5, infiniplex_forest_clump_small,
          infiniplex_forest_clump_long, infiniplex_forest_end_3,
          infiniplex_forest_clump_tiny, infiniplex_forest_lined_3
D:3:      layout_rooms, hellmonk_ecumenical_altar_lost_god, minivault_25,
          st_stairs_5, minmay_diced_spiral

Skill      XL: |  1  2  3 |
---------------+----------+-----
Ranged Weapons | 6 7 |  7.8
Fighting       | |  1.5
Dodging        | |  2.4
Stealth        | |  1.2

Action                     |  1- 3 |  4- 6 || total
---------------------------+-------+-------++-------
   Fire: Shortbow          |   144 |    45 ||   189
    Use: Scroll            |     6 |       ||     6
         Potion            |     1 |       ||     1
 Armour: Leather armour    |     5 |       ||     5
         Ring mail         |    21 |    19 ||    40
  Dodge: Dodged            |    25 |     8 ||    33

Table legend:
 A = Non-vault XP
 B = Vault XP
 C = Vault XP percentage of total XP
 D = Non-vault monster count
 E = Vault monster count
 F = Vault count percentage of total count
                 A         B        C        D         E       F
            +---------+---------+-------+---------+---------+-------
      Total |     121 |      13 |   9.7 |      43 |       8 |  15.7
            +---------+---------+-------+---------+---------+-------
        D:1 |      22 |       9 |  29.0 |      14 |       5 |  26.3
        D:2 |      50 |       0 |   0.0 |      18 |       0 |   0.0
        D:3 |      49 |       4 |   7.5 |      11 |       3 |  21.4
            +---------+---------+-------+---------+---------+-------
